 Dungeon Crawl Stone Soup version 0.23-a0-143-g1adec7b (webtiles) character file.

51 KristoblXynda the Ducker (level 3, -4/19 HPs)
             Began as a Spriggan Berserker on Sept 3, 2018.
             Was a Believer of Trog.
             Killed from afar by Robin (6 damage)
             ... with a wand of flame (39)
             ... on level 2 of the Dungeon.
             The game lasted 00:02:55 (1309 turns).

KristoblXynda the Ducker (Spriggan Berserker)       Turns: 1309, Time: 00:02:56

Health: -4/19      AC:  2    Str: 14    XL:     3   Next: 58%
Magic:  4/4        EV: 23    Int:  8    God:    Trog [**....]
Gold:   101        SH:  0    Dex: 15    Spells: 2/2 levels left

rFire    . . .     SeeInvis +   a - +0 short sword
rCold    . . .     Gourm    .   (shield restricted)
rNeg     . . .     Faith    .   b - +0 animal skin
rPois    .         Spirit   .   (helmet restricted)
rElec    .         Reflect  .   (no cloak)
rCorr    .         Harm     .   (gloves unavailable)
MR       .....                  (boots unavailable)
Stlth    ++........             (no amulet)
HPRegen  0.06/turn              i - +3 ring of evasion
MPRegen  0.09/turn              (no ring)

@: berserk cooldown, slowed, quick
A: very small, unfitting armour, see invisible, herbivore, speed 3, slow
metabolism 2
a: Berserk, Trog's Hand, Renounce Religion


You were on level 2 of the Dungeon.
You worshipped Trog.
Trog was pleased with you.
You were not hungry.

You visited 1 branch of the dungeon, and saw 2 of its levels.

You collected 101 gold pieces.

Inventory:

Hand Weapons
 a - a +0 short sword (weapon)
Armour
 b - a +0 animal skin (worn)
Jewellery
 i - a +3 ring of evasion (left hand)
Scrolls
 d - 2 scrolls of teleportation {unknown}
 e - a scroll of identify {unknown}
 f - a scroll of fog {unknown}
Potions
 g - a potion of heal wounds {unknown}
 h - a potion of berserk rage {unknown}
Comestibles
 c - a ration


   Skills:
 - Level 2.4 Fighting
 + Level 3.9 Short Blades
 + Level 5.3 Dodging
 + Level 2.9 Stealth


You had 2 spell levels left.
You didn't know any spells.
Your spell library was empty.

Dungeon Overview and Level Annotations

Branches:
Dungeon (2/15)

Altars:

Annotations:
D:2 Robin


Innate Abilities, Weirdness & Mutations

You are very small and have problems with some larger weapons.
You are too small for most types of armour.
You have supernaturally acute eyesight. (SInv)
You are a herbivore.
You cover ground extremely quickly.
You need to consume almost no food.


Message History

Robin completely misses you.
Robin roars a battlecry!
Robin throws the goblin at you!
A hobgoblin comes into view. It is wielding a club.
The goblin barely misses you.
Items here: ))) †† a dagger; a club x2; a goblin corpse x2
You hit the goblin.
You kill the goblin!
Trog accepts your kill.
Things that are here:
a club; a scroll labeled GUMEEG SODAAS; a goblin corpse A goblin comes into view.
Robin zaps a wand.
The puff of flame hits you!
Ouch! That really hurt!
* * * LOW HITPOINT WARNING * * *
A kobold comes into view. It is wielding a whip.
A worm comes into view.
Robin zaps a wand.
The puff of flame hits you!
You die...

#...###..#.#
.......g.g.#
w.
...#######g#
.## ....####
#g# .#.
........ #)#
K. ....####
#g# ##.#
...## #g#
#.. #### #)#
#.#
#.#####@#
#.g.....#
#########


You could see a worm (sleeping), Robin and a kobold (sleeping).

Vanquished Creatures
  A dart slug (D:1)
  A leopard gecko (D:1)
  2 giant cockroaches (D:1)
  15 goblins
  4 hobgoblins
  4 jackals (D:2)
  2 kobolds (D:1)
  3 bats (D:1)
  2 frilled lizards (D:1)
  8 rats (D:1)
42 creatures vanquished.

Notes
Turn   | Place    | Note
-------+----------+-------------------------------------------
     0 | D:1      | KristoblXynda the Spriggan Berserker began the quest for
                  | the Orb.
     0 | D:1      | Reached XP level 1. HP: 11/11 MP: 2/2
    50 | D:1      | Reached skill level 1 in Stealth
   133 | D:1      | Reached XP level 2. HP: 10/16 MP: 3/3
   743 | D:1      | Reached skill level 5 in Dodging
   846 | D:1      | Reached ** piety under Trog
   846 | D:1      | Reached XP level 3. HP: 19/19 MP: 4/4
  1235 | D:2      | Noticed Robin
  1309 | D:2      | Killed from afar by Robin

Vault maps used:
D:1:      roderic_crop_circles_arrival_small, minmay_misc_feat_five
D:2:      kennysheep_big_flooded_room, overflow_temple_1_default, led_sif_pool,
          minitemple, minmay_misc_feat_encased, minmay_pentomino_q2,
          uniq_sigmund, uniq_robin

Skill      XL: |  1  2 |
---------------+-------+-----
Stealth        | 1 2 |  2.9
Dodging        | 5 |  5.3
Fighting       | |  2.4
Short Blades   | |  3.9

Action                   || total
-------------------------++-------
Melee: Short sword       ||   158
Invok: Berserk           ||     2
       Trog's Hand       ||     1
 Stab: Sleeping          ||     1
Armor: Animal skin       ||    17
Dodge: Dodged            ||   119

Table legend:
 A = Non-vault XP
 B = Vault XP
 C = Vault XP percentage of total XP
 D = Non-vault monster count
 E = Vault monster count
 F = Vault count percentage of total count
                 A         B        C        D         E       F
            +---------+---------+-------+---------+---------+-------
      Total |      55 |      19 |  25.7 |      32 |      10 |  23.8
            +---------+---------+-------+---------+---------+-------
        D:1 |      43 |       0 |   0.0 |      26 |       0 |   0.0
        D:2 |      12 |      19 |  61.3 |       6 |      10 |  62.5
            +---------+---------+-------+---------+---------+-------
